 Dungeon Crawl Stone Soup version 0.28.0-1-gb440e238dd (console) character file.

Game seed: 13877095057531262320

34 jejorda2 the Cutter (level 3, 0/20 HPs)
             Began as a Vine Stalker Berserker on Feb 21, 2022.
             Was a Follower of Trog.
             Slain by an orc wizard (2 damage)
             ... on level 2 of the Dungeon.
             The game lasted 00:03:26 (1452 turns).

jejorda2 the Cutter (Vine Stalker Berserker)        Turns: 1452, Time: 00:03:26

Health: 0/20       AC:  3    Str: 21    XL:     3   Next: 31%
Magic:  0/4        EV: 15    Int:  7    God:    Trog [*.....]
Gold:   8          SH:  0    Dex: 13    Spells: 2/2 levels left

rFire   . . .      SeeInvis .   a - +0 dagger
rCold   . . .      Faith    .   (no shield)
rNeg    . . .      Spirit   +   e - +0 leather armour
rPois   .          Reflect  .   (no helmet)
rElec   .          Harm     .   (no cloak)
rCorr   .          Rampage  .   (no gloves)
Will    .....                   (no boots)
Stlth   +.........              (no amulet)
HPRegen 0.06/turn               b - +4 ring of evasion
MPRegen 0.09/turn               (no ring)

@: confused
A: fangs 2, magic shield, antimagic bite, no potion heal 2
a: Renounce Religion, Berserk


You were on level 2 of the Dungeon.
You worshipped Trog.
Trog was aware of your devotion.
You visited 1 branch of the dungeon, and saw 2 of its levels.

You collected 8 gold pieces.

Inventory:

Hand Weapons
 a - a +0 dagger (weapon)
Missiles
 c - 43 stones (quivered)
Armour
 e - a +0 leather armour (worn)
Jewellery
 b - a +4 ring of evasion (left hand)
Scrolls
 d - 2 scrolls of identify {unknown}


   Skills:
 + Level 3.0 Fighting
 * Level 3.3 Short Blades
 + Level 2.0 Armour
 - Level 1.5 Dodging


You had 2 spell levels left.
You didn't know any spells.
Your spell library was empty.

Dungeon Overview and Level Annotations

Branches:
Dungeon (2/15)

Altars:


Innate Abilities, Weirdness & Mutations

You have extremely sharp teeth.
When hurt, damage is shared between your health and your magic reserves.
Your bite disrupts and absorbs the magic of your enemies.
Potions cannot restore your health.


Message History

You miss something. You closely miss something. Your bite misses something.
You hear some strange, mumbled words.
You are confused.
You bump into the rock wall.
Something hits you but does no damage.
You miss something. You bite something. Something barely misses you.
You bump into the rock wall.
You hear some strange, mumbled words.
A puff of flame appears from out of thin air!
The puff of flame hits you!
Ouch! That really hurt!
You miss something. Something hits you.
You bump into the rock wall.
Something hits you but does no damage.
You bump into the rock wall.
Something hits you.
* * * LOW HITPOINT WARNING * * *
You bump into the rock wall.
You hear some strange, mumbled words.
You are more confused.
You barely miss something. You bite something. You drain its magic.
You feel invigorated.
An orc wizard appears from thin air!
Reactivating autopickup.
The orc wizard hits you with a +0 dagger.
* * * LOW HITPOINT WARNING * * *
You hit the orc wizard. Your bite misses the orc wizard.
The orc wizard is moderately wounded.
You bump into the rock wall.
The orc wizard closely misses you.
You miss the orc wizard. Your bite misses the orc wizard.
The orc wizard is moderately wounded.
The orc wizard closely misses you.
You bump into the rock wall.
The orc wizard hits you with a +0 dagger.
* * * LOW HITPOINT WARNING * * *
You hit the orc wizard.
The orc wizard is moderately wounded.
The orc wizard hits you with a +0 dagger.
* * * LOW HITPOINT WARNING * * *
You closely miss the orc wizard. Your bite misses the orc wizard.
The orc wizard is moderately wounded.
The orc wizard hits you with a +0 dagger.
You die...

#.......#
+.......#
#####.......#
!..#.......#
#.#....?..# #
#.........#
#.#...†.....#
#.#.#...#o#####
#.......#@#######
#...#.#.#.#.....#
#.. #.#.#.#..####
#. #.#.#.#.....#
#.#.#.#...#.#
#.#.#.#.....#
#.#.#.##..###
#.#.#..)†.#
#.#.#.###.#


You could see an orc wizard (magic disrupted).

Vanquished Creatures
  2 orcs (D:2)
  4 endoplasms (D:1)
  5 giant cockroaches (D:1)
  2 goblins
  3 hobgoblins (D:1)
  2 quokkas (D:1)
  3 ball pythons
  2 bats (D:1)
  5 frilled lizards
28 creatures vanquished.

Vanquished Creatures (others)
  5 demonic plants (D:1)
  8 fungi (D:1)
  A plant (D:1)
  3 withered plants (D:1)
17 creatures vanquished.

Grand Total: 45 creatures vanquished

Notes
Turn   | Place    | Note
-------+----------+-------------------------------------------
     0 | D:1      | jejorda2 the Vine Stalker Berserker began the quest for the
                  | Orb.
     0 | D:1      | Reached XP level 1. HP: 11/11 MP: 2/2
   213 | D:1      | Found a faded altar of an unknown god.
   658 | D:1      | Reached XP level 2. HP: 16/16 MP: 3/3
  1111 | D:1      | Reached XP level 3. HP: 20/20 MP: 4/4
  1451 | D:2      | HP: 1/20 [orc wizard (1)]
  1452 | D:2      | Slain by an orc wizard

Illustrated notes

Levels and vault maps discovered:
D:1:      minmay_arrival_jagged, layout_basic, shapermc_ecumenical_altar_gd,
          st_stairs_8, minmay_worlds_worst_comb
D:2:      layout_basic, uniq_crazy_yiuf_cottage

Skill      XL: |  1  2  3 |
---------------+----------+-----
Short Blades   | 3 |  3.3
Fighting       | 3 |  3.0
Armour         | 2 |  2.0
Dodging        | |  1.5

Action                   || total
-------------------------++-------
Melee: Short sword       ||    62
       Bite              ||    22
       Punch             ||     3
       Dagger            ||    22
Throw: Stone             ||     7
Invok: Berserk           ||     1
 Stab: Sleeping          ||     1
Armor: Animal skin       ||     2
       Leather armour    ||     6
Dodge: Dodged            ||    67
